Map: Protocollo centrale

Players

Mørtebianca

  • Race: Zerg Zerg
  • League: Diamond

Frieder

  • Race: Zerg Zerg
  • League: Gold

Jhyrachy

  • Race: Zerg Zerg
  • League: Silver

BlackLotuZz

  • Race: Zerg Zerg
  • League: Platinum

VOD

Have the link to the VOD?

Description

Time

  • Played on: Dec. 3, 2015, 4:55 p.m.
  • Length: 5:23
Show
View Real Time Build Order
Export as new Build Order

Mørtebianca Zerg 

Build Orders: Pool First 

Get SALT Encoding   

  12  0:01  Drone  
  13  0:10  Drone  
  14  0:17  Extractor, Drone  
  14  0:24  Overlord  
  14  0:44  Spawning Pool  
  14  0:46  Drone  
  14  0:51  Drone  
  14  0:56  Drone  
  16  1:24  Drone  
  17  1:31  Hatchery  
  16  1:33  Metabolic Boost  
  16  1:59  Drone  
  17  2:03  Drone  
  17  2:06  Drone  
  19  2:11  Hatchery, Drone  
  19  2:25  Overlord  
  19  2:26  Queen  
  21  2:33  Zergling x2  
  22  2:42  Zergling x2  
  23  2:46  Drone  
  23  2:47  Baneling Nest  
  23  2:53  Queen  
  23  2:57  Zergling x2  
  26  3:06  Zergling x4  
  26  3:08  Zergling x2  
  29  3:17  Zergling x4  
  30  3:31  Zergling x6  
  33  3:36  Queen  
  33  3:40  Drone  
  36  3:42  Drone  
  36  3:47  Drone  
  36  3:48  Zergling x2  
  39  3:57  Drone x2  
  41  4:10  Zergling x2  
  41  4:11  Zergling x2  
  41  4:18  Drone  
  41  4:20  Overlord  
  41  4:23  Overlord x2  
  42  4:30  Zergling x4  
  41  4:36  Zergling x2  
  41  4:39  Zergling x2  
  41  4:40  Zergling x6  
  41  4:44  Zergling x2  
  44  4:51  Zergling x6  
  44  4:52  Zergling x2  
  47  4:55  Drone  
  47  4:57  Zergling x2  
  49  5:00  Zergling x2  
  50  5:10  Drone  
Show
View Real Time Build Order
Export as new Build Order

Frieder Zerg 

Build Orders: Hatch First 

Get SALT Encoding   

  12  0:01  Drone  
  13  0:09  Drone  
  14  0:14  Extractor  
  14  0:16  Drone  
  15  0:22  Overlord  
  15  0:49  Hatchery, Drone  
  15  0:56  Drone x2  
  17  1:12  Spawning Pool  
  17  1:15  Extractor  
  17  1:16  Drone  
  16  1:23  Drone x2  
  18  1:37  Drone  
  19  1:43  Drone  
  20  1:58  Queen  
  20  2:00  Zergling x2  
  20  2:01  Queen  
  23  2:02  Zergling x2  
  23  2:06  Zergling x2  
  27  2:15  Metabolic Boost  
  27  2:17  Drone  
  28  2:25  Overlord  
  28  2:34  Overlord  
  28  2:44  Drone, Extractor  
  28  2:47  Drone x3  
  28  2:51  Queen  
  33  2:56  Drone  
  34  2:59  Drone  
  35  3:08  Drone x2  
  35  3:09  Drone  
  35  3:10  Drone  
  39  3:18  Zergling x6  
  40  3:30  Zergling x4, Baneling Nest  
  40  3:38  Evolution Chamber  
  39  3:41  Evolution Chamber  
  39  3:44  Drone x3  
  41  3:53  Zergling x6  
  44  3:55  Overlord  
  44  4:07  Zergling x2  
  44  4:08  Zergling x4  
  42  4:12  Zergling x2  
  42  4:13  Zergling x4  
  42  4:15  Zergling x2  
  34  4:28  Zergling x2  
  34  4:29  Zergling x8  
  30  4:40  Zergling x2  
  30  4:51  Baneling x2  
Show
View Real Time Build Order
Export as new Build Order

Jhyrachy Zerg 

Build Orders:  

Get SALT Encoding   

Show
View Real Time Build Order
Export as new Build Order

BlackLotuZz Zerg 

Build Orders:  

Get SALT Encoding   

Tags
 
Add a new tag
Caveats
  • Supply blocks, unpowered buildings, or Contaminate may cause inaccurate times.
  • Supply counts are checked every 10 seconds.